 Dungeon Crawl Stone Soup version 0.27.1-33-g824d729ab1 (webtiles) character file.

Game seed: 9444945307440883710

192 pkoi the Insei (level 5, -11/45 HPs)
             Began as a Draconian Monk on Dec 23, 2021.
             Mangled by an ogre (32 damage)
             ... on level 3 of the Dungeon.
             The game lasted 00:02:37 (3984 turns).

pkoi the Insei (Draconian Monk)                     Turns: 3984, Time: 00:02:38

Health: -11/45     AC:  6    Str: 13    XL:     5   Next: 42%
Magic:  5/5        EV: 12    Int: 11    God:
Gold:   146        SH:  0    Dex: 14    Spells: 4/4 levels left

rFire    . . .     SeeInvis .   a - +2 dagger (venom)
rCold    . . .     Faith    .   (no shield)
rNeg     . . .     Spirit   .   (armour unavailable)
rPois    .         Reflect  .   (helmet restricted)
rElec    .         Harm     .   (no cloak)
rCorr    .         Rampage  .   m - +0 pair of gloves
Will     .....                  (no boots)
Stlth    ++........             (no amulet)
HPRegen  0.15/turn              (no ring)
MPRegen  0.09/turn              (no ring)

@: no status effects
A: AC +5, unfitting armour, cold-blooded
a: no special abilities


You were on level 3 of the Dungeon.
You visited 1 branch of the dungeon, and saw 3 of its levels.

You collected 146 gold pieces.

Inventory:

Hand Weapons
 a - a +2 dagger of venom (weapon)
 i - a +0 rapier
Armour
 l - a +2 kite shield
 m - a +0 pair of gloves (worn)
Scrolls
 d - 3 scrolls of amnesia {unknown}
 f - 3 scrolls of identify {unknown}
 j - a scroll of fog {unknown}
Potions
 b - 2 potions of flight {unknown}
 c - 3 potions of brilliance {unknown}
 e - 2 potions of curing {unknown}
 g - a potion of lignification {unknown}
 h - a potion of magic {unknown}
 k - a potion of haste {unknown}


   Skills:
 - Level 3.2 Fighting
 - Level 2.6 Dodging
 - Level 1.7 Stealth
 + Level 6.2 Unarmed Combat


You had 4 spell levels left.
You didn't know any spells.
Your spell library was empty.

Dungeon Overview and Level Annotations

Branches:
Dungeon (3/15)

Altars:

Shops:
D:3 [


Innate Abilities, Weirdness & Mutations

Your plain brown scales are hard. (AC +5)
You cannot fit into any form of body armour.
You are cold-blooded and may be slowed by cold attacks.


Message History

No target in view!
No target in view!
Found a stone staircase leading up.
There is a stone staircase leading up here.
Things that are here:
a +0 short sword; 2 stones Key pressed, stopping explore.
A frilled lizard comes into view.
A frilled lizard is nearby!
An ogre comes into view. It is wielding a +0 giant spiked club.
The frilled lizard barely misses you.
You barely miss the ogre. The frilled lizard bites you.
The ogre hits you with a +0 giant spiked club!
You are too injured to fight recklessly!
You are too injured to fight recklessly!
You are too injured to fight recklessly!
You are too injured to fight recklessly!
You are too injured to fight recklessly!
You are too injured to fight recklessly!
You are too injured to fight recklessly!
You are too injured to fight recklessly!
You are too injured to fight recklessly!
You are too injured to fight recklessly!
You are too injured to fight recklessly!
Unknown command.
You hit the ogre.
The ogre is poisoned.
The ogre is lightly wounded.
The frilled lizard barely misses you. The ogre barely misses you.
You closely miss the ogre.
The ogre is lightly wounded.
The frilled lizard barely misses you.
The ogre hits you with a +0 giant spiked club!
* * * LOW HITPOINT WARNING * * *
You hit the ogre but do no damage.
The ogre looks even sicker.
Your tail-slap misses the ogre.
The ogre is lightly wounded.
The frilled lizard closely misses you.
The ogre hits you with a +0 giant spiked club!!
Ouch! That really hurt!
You die...

##....P##.......
#.Pb.b..#.......
##########.......
#................
####.##.............
#.....#.............
#.....#......#####..
#.....#......##.##..
#..@..#......##P##..
#..lO.#......#####..
#.....#...........[.
#.....####....###...
#.....####....# ##..
#.....+..'....# #..
#.....####....# #..
#.....# ##....####..
#...........


You could see an ogre (very poisoned) and a frilled lizard.

Vanquished Creatures
  A jelly (D:3)
  9 adders
  A white imp (D:3)
  4 dart slugs
  9 endoplasms
  3 giant cockroaches
  3 goblins
  5 hobgoblins
  A jackal (D:2)
  5 quokkas
  7 ball pythons
  4 bats
  7 frilled lizards
  6 kobolds
  3 rats
68 creatures vanquished.

Notes
Turn   | Place    | Note
-------+----------+-------------------------------------------
     0 | D:1      | pkoi the Draconian Monk began the quest for the Orb.
     0 | D:1      | Reached XP level 1. HP: 19/19 MP: 1/1
   291 | D:1      | Reached XP level 2. HP: 22/26 MP: 2/2
   731 | D:1      | Reached skill level 4 in Unarmed Combat
   914 | D:1      | Found a faded altar of an unknown god.
  1112 | D:1      | Reached XP level 3. HP: 26/31 MP: 3/3
  2058 | D:2      | Reached XP level 4. HP: 34/38 MP: 4/4
  2180 | D:2      | Reached skill level 5 in Unarmed Combat
  3288 | D:3      | Reached XP level 5. HP: 33/45 MP: 5/5
  3543 | D:3      | Reached skill level 6 in Unarmed Combat
  3789 | D:3      | Found Ahiluip's Antique Armour Emporium.
  3977 | D:3      | Noticed an ogre
  3984 | D:3      | Mangled by an ogre

Illustrated notes

Levels and vault maps discovered:
D:1:      minmay_arrival_four_loops, layout_loops_ring,
          ebering_ecumenical_altar_mist, minmay_misc_feat_chi
D:2:      minmay_chambers_of_twos, layout_basic
D:3:      layout_basic, mainiacjoe_overflow_alcove_3, serial_shops, shop,
          serial_aquarium, aquarium_bridge_long_separate
          [aquarium_subvault_wall, aquarium_subvault_window,
          aquarium_subvault_bridge, aquarium_subvault_window,
          aquarium_subvault_balcony, aquarium_subvault_bridge],
          aquarium_window_double, aquarium_window_fake, aquarium_window_2,
          aquarium_view_2b, aquarium_view_2f, aquarium_pool_corner,
          minivault_27, st_stairs_8

Skill      XL: |  1  2  3  4  5 |
---------------+----------------+-----
Unarmed Combat | 4 5 6 |  6.2
Fighting       | |  3.2
Dodging        | |  2.6
Stealth        | |  1.7

Action                   |  1- 3 |  4- 6 || total
-------------------------+-------+-------++-------
Melee: Unarmed           |   125 |    13 ||   138
       Tailslap          |    14 |    12 ||    26
       Punch             |     2 |       ||     2
       Dagger            |       |    75 ||    75
  Use: Potion            |       |     1 ||     1
 Stab: Sleeping          |     6 |     3 ||     9
Armor: Skin              |    25 |    36 ||    61
Dodge: Dodged            |    62 |    49 ||   111
